 Dungeon Crawl Stone Soup version 0.29-a0-67-g1d65ae1bb4 (webtiles) character file.

Game seed: 15422192125120475239

45594 DasRunzen the Nimble (level 14, -4/106 HPs)
             Began as a Djinni Fire Elementalist on Feb 3, 2022.
             Was a High Priest of Qazlal.
             Slain by an orc warrior (19 damage)
             ... led by an orc knight
             ... on level 1 of the Orcish Mines.
             The game lasted 01:21:33 (23824 turns).

DasRunzen the Nimble (Djinni Fire Elementalist)    Turns: 23824, Time: 01:21:33

Health: -4/106     AC: 19    Str:  7    XL:     14   Next: 71%
Gold:   1127       EV: 18    Int: 22    God:    Qazlal [*****.] SH: 16 Dex: 14

rFire   + + +      SeeInvis .   m - staff of conjuration
rCold   x x .      Faith    .   N - +0 buckler {AC+3}
rNeg    . . .      Spirit   .   a - +0 robe
rPois   ∞          Reflect  +   x - +1 helmet
rElec   .          Harm     .   D - +2 cloak
rCorr   .          Rampage  .   f - +2 pair of gloves
Will    +....                   (boots unavailable)
Stlth   +.........              j - amulet of reflection
HPRegen 0.27/turn               g - ring of fire
MPRegen 0.00/turn               y - +4 ring of protection

@: flying, repel missiles
A: sickness immunity, fire resistance 2, cold vulnerability 1, float, innate
caster, HP casting, extra vitality 1
a: Renounce Religion, Upheaval, Elemental Force, Disaster Area


You were on level 1 of the Orcish Mines.
You worshipped Qazlal.
Qazlal was extremely pleased with you.
You visited 4 branches of the dungeon, and saw 18 of its levels.
You also visited: Bailey.

You collected 1351 gold pieces.
You spent 224 gold pieces at shops.

Inventory:

Hand Weapons
 l - a +4 dagger of venom
 n - the +7 hand axe of Vorghol {vorpal, Fragile rN+++ Int+3 Dex+4}
   (You found it on level 8 of the Dungeon)

   It inflicts extra damage upon your enemies.
   Int:       It affects your intelligence (+3).
   Dex:       It affects your dexterity (+4).
   rN:        It renders you almost immune to negative energy.
   Fragile:   It will be destroyed if unequipped.
 z - the +4 hand axe of a Billion Ghosts {freeze, Int+6}
   (You found it on level 8 of the Dungeon)

   It freezes those it strikes, dealing additional cold damage.
   It can also slow down cold-blooded creatures.
   Int:       It affects your intelligence (+6).
 L - the +7 arbalest "Ilahinod" {elec, rPois Dex+2}
   (You found it on level 3 of the Lair of Beasts)

   Any ammunition fired from it occasionally discharges a powerful burst of
   electricity upon striking a foe.
   Dex:       It affects your dexterity (+2).
   rPois:     It protects you from poison.
Missiles
 I - 286 stones
Armour
 a - a +0 robe (worn)
 b - the +1 leather armour "Nouck" {rElec rF+ Regen+ Str-5}
   (You found it on level 5 of the Dungeon)

   Str:       It affects your strength (-5).
   rF:        It protects you from fire.
   rElec:     It insulates you from electricity.
   Regen:     It increases your rate of health regeneration.
 f - a +2 pair of gloves (worn)
 x - a +1 helmet (worn)
 C - a +0 troll leather armour
 D - a +2 cloak (worn)
 N - a +0 buckler of protection (worn)
Magical Staves
 m - a staff of conjuration (weapon)
Jewellery
 g - a ring of fire (left hand)
 j - an amulet of reflection (around neck)
 y - a +4 ring of protection (right hand)
 J - a ring of fire
 M - an amulet of faith
Wands
 c - a wand of paralysis (12)
 i - a wand of iceblast (15)
 G - a wand of polymorph (24)
 H - a wand of acid (5)
 P - a wand of digging (3)
Scrolls
 e - 3 scrolls of brand weapon
 h - 12 scrolls of teleportation
 o - 2 scrolls of fear
 p - 2 scrolls of immolation
 s - 2 scrolls of magic mapping
 t - 2 scrolls of blinking
 u - a scroll of enchant weapon
 v - 4 scrolls of fog
 A - 2 scrolls of identify
Potions
 d - 5 potions of might
 k - a potion of attraction
 q - 4 potions of heal wounds
 r - 5 potions of cancellation
 w - 4 potions of lignification
 B - 3 potions of brilliance
 E - 9 potions of curing
 F - a potion of ambrosia
 K - a potion of berserk rage


   Skills:
 + Level 11.7 Fighting
 + Level 11.7 Armour
 + Level 12.9 Dodging
 - Level 1.5 Stealth
 + Level 0.3 Shields
 + Level 9.5 Spellcasting
 + Level 8.5 Invocations


You couldn't memorise any spells.
You knew the following spells:

 Your Spells              Type           Power      Damage    Failure   Level
a - Foxfire               Conj/Fire      100%       2x1d9     1%          1
b - Scorch                Fire           100%       2d10      1%          2
c - Conjure Flame         Conj/Fire      87%        6-21      1%          3
d - Inner Flame           Hex/Fire       68%        N/A       1%          3
e - Flame Wave            Conj/Fire      87%        2d15      1%          4
f - Sandblast             Erth           100%       2d20      1%          1
g - Blink                 Tloc           100%       N/A       1%          2
h - Ozocubu's Armour      Ice            51%        N/A       1%          3
i - Frozen Ramparts       Ice            100%       1d12      1%          3
j - Alistair's Intoxicat  Tmut/Pois      34%        N/A       4%          5
k - Metabolic Englaciati  Hex/Ice        25%        N/A       4%          5
Your spell library was empty.

Dungeon Overview and Level Annotations

Branches:
Dungeon (10/15)            Temple (1/1) D:5            Lair (6/6) D:10
  Swamp (0/4) Lair:4        Snake (0/4) Lair:2        Slime (0/5) Lair:5
    Orc (1/2) D:10         Bailey (visited)

Altars:
Ashenzari
Cheibriados
Dithmenos
Elyvilon
Fedhas
Gozag
Hepliaklqana
Kikubaaqudgha
Makhleb
Nemelex Xobeh
Okawaru
Qazlal
Ru
Sif Muna
Trog
Uskayaw
Vehumet
Wu Jian
Xom
Yredelemnul
Zin
The Shining One

Shops:
D:10 :?

Annotations:
D:10 exclusion: obsidian statue


Innate Abilities, Weirdness & Mutations

You are immune to sickness and miasma.
You are immune to poison.
Your flesh is very heat resistant. (rF++)
You are vulnerable to cold. (rC-)
You float through the air rather than walking.
You learn spells naturally, not from books.
Your magical power is your life essence.
You have superior vitality. (+4 MHP)


Message History

The orc sorcerer is burned terribly!
Qazlal accepts your kill.
The orc sorcerer explodes!
The fiery explosion engulfs you. You resist.
The orc knight is engulfed in freezing vapours.
You block the orc knight's attack. The ogre hits you but does no damage.
The orc priest invokes the aid of Beogh against you.
Beogh smites you!
Casting: Scorch (safe; 1% risk of failure)
Confirm with . or Enter, or press ? or * to list all spells.
You feel a surge of power!
Flames lash the ogre.
Flame seeps out of the ogre.
The ogre is heavily wounded.
The ogre's fire resistance burns away.
The orc priest is no longer more vulnerable to fire.
The orc knight is engulfed in freezing vapours.
The orc knight hits you with a +0 battleaxe!!
The orc priest looks encouraged for a moment.
You block the ogre's attack.
Casting: Scorch (safe; 1% risk of failure)
Confirm with . or Enter, or press ? or * to list all spells.
You feel a surge of power!
Flames lash the orc warrior.
The orc warrior is moderately wounded.
The orc warrior's fire resistance burns away.
You block the orc knight's attack.
Casting: Scorch (safe; 1% risk of failure)
Confirm with . or Enter, or press ? or * to list all spells.
You feel a surge of power!
Flames lash the orc.
The orc is almost dead.
The orc's fire resistance burns away.
The orc no longer looks unusually strong.
You block the ogre's attack.
The orc knight hits you but does no damage.
You block the orc's attack.
The orc priest calls down the wrath of Beogh upon you.
Beogh smites you!
* * * LOW HITPOINT WARNING * * *
You block the ogre's attack. You block the orc knight's attack.
The orc hits you but does no damage.
The orc warrior hits you with a +0 mace!!
You die...

............$.
.............
.###........... .
..#..>.......
........)○...#
... #....)...#
....#...☼O○○#
...#....Ooo☼#####
#.......o@§§....#
..$....§o§.§.....
#......°...○.....
###.#..........##
# ##........##
.........#
....#....##
............
##....#..#.##


You could see an orc knight, an orc warrior (strong, combustible), 2 ogres, an
orc priest (inner flame, strong) and an orc (combustible).

Vanquished Creatures
  Josephine (Lair:4)
  6 hydras
  A catoblepas (Lair:2)
  An alligator (Lair:6)
  2 two-headed ogres
  A lindwurm (Lair:6)
  An oklob plant (Lair:4)
  An orc sorcerer (Orc:1)
  4 elephants (Lair:5)
  6 black mambas
  A guardian serpent (Lair:2)
  7 cane toads
  Psyche (D:9)
  8 komodo dragons
  2 trolls (D:10)
  5 polar bears
  17 blink frogs
  Prince Ribbit (D:8)
  4 hornets (Lair:6)
  A dream sheep (Lair:6)
  5 wraiths
  6 basilisks
  17 spriggans
  7 wyverns
  54 yaks
  A steam dragon (D:8)
  2 acid dragons
  Menkaure (D:6)
  2 wargs (Orc:1)
  15 water moccasins
  Duvessa (D:5)
  4 orc warriors
  A sky beast (D:7)
  5 black bears
  A necrophage (D:6)
  11 ogres
  38 wolves
  5 boggarts (Lair:6)
  5 centaurs
  11 bullfrogs
  3 scorpions
  2 water moccasin skeletons
  Dowan (D:5)
  5 wights (D:9)
  8 killer bees (D:9)
  A howler monkey (D:10)
  A lava snake (D:7)
  2 centaur zombies
  2 gnoll shamans
  A hound (D:7)
  4 orc priests
  3 bullfrog skeletons
  Natasha (thrice) (D:3)
  5 iguanas
  8 orc wizards
  A hound zombie (D:5)
  2 hound skeletons (D:5)
  A howler monkey skeleton (D:7)
  10 gnolls
  15 adders
  2 shadow imps
  2 dart slugs
  37 orcs
  5 endoplasms
  2 giant cockroaches (D:1)
  8 goblins
  5 hobgoblins
  4 jackals (D:3)
  5 kobolds
  3 quokkas
  5 ball pythons
  4 bats
  7 frilled lizards
  8 rats
  A bush (Lair:5)
  A butterfly (Lair:6)
440 creatures vanquished.

Vanquished Creatures (collateral kills)
  14 foxfires
14 creatures vanquished.

Vanquished Creatures (others)
  696 foxfires
  66 fungi
  91 plants
853 creatures vanquished.

Grand Total: 1307 creatures vanquished

Notes
Turn   | Place    | Note
-------+----------+-------------------------------------------
     0 | D:1      | DasRunzen the Djinni Fire Elementalist began the quest for
                  | the Orb.
     0 | D:1      | Reached XP level 1. HP: 15/15 MP: 0/0
   254 | D:1      | Reached XP level 2. HP: 21/22 MP: 0/0
   556 | D:1      | Reached skill level 1 in Armour
   767 | D:1      | Reached XP level 3. HP: 25/26 MP: 0/0
   767 | D:1      | Learned a level 1 spell: Sandblast
   793 | D:1      | Reached skill level 1 in Fighting
   989 | D:1      | You are sucked into a shaft and drop 1 floor!
  1653 | D:3      | Noticed Natasha
  1661 | D:3      | Killed Natasha
  1662 | D:3      | Reached XP level 4. HP: 28/32 MP: 0/0
  1790 | D:2      | Reached skill level 3 in Dodging
  2372 | D:3      | Found a faded altar of an unknown god.
  2506 | D:3      | Noticed Natasha
  2515 | D:3      | Killed Natasha
  2516 | D:3      | Reached XP level 5. HP: 27/38 MP: 0/0
  2516 | D:3      | Learned a level 2 spell: Blink
  2825 | D:3      | Noticed Natasha
  2832 | D:3      | Killed Natasha
  3311 | D:4      | Reached XP level 6. HP: 38/45 MP: 0/0
  3816 | D:4      | Found a sacrificial altar of Ru.
  3900 | D:5      | Entered Level 5 of the Dungeon
  3900 | D:5      | Noticed Duvessa
  3900 | D:5      | Noticed Dowan
  3910 | D:5      | Noticed a black bear
  3916 | D:5      | Killed a black bear
  3917 | D:5      | Reached skill level 4 in Dodging
  3917 | D:5      | Reached XP level 7. HP: 43/50 MP: 0/0
  3917 | D:5      | Learned a level 3 spell: Ozocubu's Armour
  4324 | D:5      | Identified the +1 leather armour "Nouck" {rElec rF+ Regen+
                  | Str-5}
  4427 | D:5      | Killed Duvessa
  4657 | D:5      | Killed Dowan
  4785 | D:5      | Reached skill level 5 in Dodging
  4785 | D:5      | Reached XP level 8. HP: 52/58 MP: 0/0
  5265 | D:5      | Found a staircase to the Ecumenical Temple.
  5279 | Temple   | Entered the Ecumenical Temple
  5718 | Temple   | Became a worshipper of Qazlal Stormbringer
  5933 | D:6      | Noticed Menkaure
  5938 | D:6      | Noticed a two-headed ogre
  6397 | D:6      | Killed a two-headed ogre
  6398 | D:6      | Reached skill level 5 in Fighting
  6398 | D:6      | Reached skill level 5 in Armour
  6398 | D:6      | Reached skill level 6 in Dodging
  6398 | D:6      | Reached skill level 5 in Spellcasting
  6398 | D:6      | Reached XP level 9. HP: 53/65 MP: 0/0
  6398 | D:6      | Learned a level 3 spell: Frozen Ramparts
  6709 | D:6      | Killed Menkaure
  6938 | D:7      | Found a flagged portal.
  7102 | Bailey   | Entered a bailey
  7211 | Bailey   | Reached skill level 7 in Dodging
  7433 | Bailey   | Reached * piety under Qazlal
  7434 | Bailey   | Reached XP level 10. HP: 66/73 MP: 0/0
  7452 | Bailey   | Noticed a two-headed ogre
  7472 | Bailey   | Killed a two-headed ogre
  7473 | Bailey   | Reached skill level 8 in Dodging
  9046 | D:8      | Noticed Prince Ribbit
  9051 | D:8      | Killed Prince Ribbit
  9485 | D:8      | Identified the +7 hand axe of Vorghol {vorpal, Fragile
                  | rN+++ Int+3 Dex+4}
  9697 | D:8      | Identified the +4 hand axe of a Billion Ghosts {freeze,
                  | Int+6}
  9770 | D:8      | Reached XP level 11. HP: 75/80 MP: 0/0
  9770 | D:8      | Learned a level 5 spell: Alistair's Intoxication
 10295 | D:9      | Reached skill level 9 in Dodging
 10513 | D:9      | Reached ** piety under Qazlal
 11038 | D:9      | Reached skill level 1 in Invocations
 11406 | D:9      | Noticed Psyche
 11414 | D:9      | Killed Psyche
 11778 | D:10     | Entered Level 10 of the Dungeon
 11993 | D:10     | Found a staircase to the Orcish Mines.
 12258 | D:10     | Noticed an obsidian statue
 12637 | D:10     | Found Xounaosh's Book Shop.
 12657 | D:10     | Reached *** piety under Qazlal
 12875 | D:10     | Found a staircase to the Lair.
 13097 | D:10     | Found Huas's Magic Scroll Shop.
 13102 | D:10     | Bought a scroll of enchant armour for 112 gold pieces
 13102 | D:10     | Bought a scroll of enchant armour for 112 gold pieces
 13669 | Lair:1   | Entered Level 1 of the Lair of Beasts
 13711 | Lair:1   | Reached skill level 10 in Dodging
 13712 | Lair:1   | Reached XP level 12. HP: 42/88 MP: 0/0
 14041 | Lair:1   | Noticed a six-headed hydra
 14046 | Lair:1   | Killed a six-headed hydra
 14533 | Lair:1   | Reached skill level 5 in Invocations
 14700 | Lair:1   | Reached **** piety under Qazlal
 15060 | Lair:2   | Noticed a catoblepas
 15092 | Lair:2   | HP: 3/91 [spore (7)]
 15092 | Lair:2   | Killed a catoblepas
 15093 | Lair:2   | Reached skill level 11 in Dodging
 15535 | Lair:2   | Reached skill level 10 in Armour
 15535 | Lair:2   | Reached XP level 13. HP: 91/96 MP: 0/0
 15535 | Lair:2   | Learned a level 5 spell: Metabolic Englaciation
 15563 | Lair:2   | Found a staircase to the Snake Pit.
 15653 | Lair:2   | Reached skill level 10 in Fighting
 15802 | Lair:2   | Noticed a six-headed hydra
 15817 | Lair:2   | Killed a six-headed hydra
 16395 | Lair:3   | Identified the +7 arbalest "Ilahinod" {elec, rPois Dex+2}
 17530 | Lair:4   | Reached ***** piety under Qazlal
 17534 | Lair:4   | Noticed Josephine
 17546 | Lair:4   | Killed Josephine
 18343 | Lair:4   | Reached skill level 12 in Dodging
 18735 | Lair:4   | Found a staircase to the Swamp.
 19178 | Lair:5   | Noticed a seven-headed hydra
 19194 | Lair:5   | Killed a seven-headed hydra
 19566 | Lair:5   | Reached XP level 14. HP: 97/105 MP: 0/0
 19692 | Lair:5   | Found a staircase to the Slime Pits.
 20488 | Lair:6   | Entered Level 6 of the Lair of Beasts
 23797 | Orc:1    | Entered Level 1 of the Orcish Mines
 23824 | Orc:1    | Slain by an orc warrior

Illustrated notes

Levels and vault maps discovered:
D:1:      wheals_arrival_linesprint, layout_loops_ring, serial_bayou_pond_e
D:2:      layout_rooms, minmay_tromino_i4
D:3:      layout_loops_cross, shapermc_ecumenical_altar_hornbeckon,
          nrook_campfire, minmay_fractal_squares_diagonal_5, uniq_natasha
D:4:      layout_rooms, nicolae_ru_the_path_less_chosen
D:5:      layout_loops_ring, minmay_temple_entry_waves, uniq_duvessa
D:6:      layout_cave_pools, uniq_menkaure
D:7:      layout_basic, enter_bailey_7, grunt_decor_junction,
          palyth_stone_intersect, kennysheep_generic_room_6
D:8:      layout_layer_cave, uniq_prince_ribbit1
D:9:      layout_basic, uniq_psyche
D:10:     layout_basic, minmay_lair_entry_grove, david_orc_2, serial_shops,
          nicolae_shop_stone, shop_statue, minivault_16
Temple:   mainiacjoe_temple_trianglar_array
Lair:1:   minmay_lair_venomous_thicket, layout_hall_layers
Lair:2:   layout_gridlike, minmay_snake_entry_spellcaster, lemuel_fruit_fields,
          lemuel_fruit_tree, serial_bayou_shore_b
Lair:3:   layout_roguey
Lair:4:   hellmonk_destroyed_diamonds, layout_loops_ring, swamp_mist,
          infiniplex_staircase_pool_2, uniq_josephine
Lair:5:   layout_loops_ring, slime_dummy, grunt_megastairs_4
Lair:6:   minmay_lair_end_enchanted_forest, layout_loops_ring,
          serial_bayou_shore_b, grunt_megastairs_1, lemuel_fruit_fields,
          lemuel_fruit_fields
Orc:1:    layout_caves, serial_shops, shop

Skill      XL: |  1  2  3  4  5  6  7  8  9 10 11 12 13 14 |
---------------+-------------------------------------------+-----
Armour         | 1 2 3 5 6 7 8 10 11 | 11.7
Fighting       | 1 2 3 5 6 7 8 9 11 | 11.7
Dodging        | 3 4 5 6 7 8 10 11 12 | 12.9
Spellcasting   | 3 4 5 6 7 8 9 |  9.5
Invocations    | 3 5 7 8 |  8.5
Stealth        | |  1.5
Shields        | |  0.3

Action                   |  1- 3 |  4- 6 |  7- 9 | 10-12 | 13-15 || total
-------------------------+-------+-------+-------+-------+-------++-------
Melee: Unarmed           |       |     1 |       |       |       ||     1
       Staff             |       |       |       |     7 |    20 ||    27
       Punch             |       |       |       |     1 |       ||     1
 Cast: Foxfire           |    51 |    71 |    70 |   160 |    73 ||   425
       Scorch            |       |    14 |    57 |   178 |   238 ||   487
       Inner Flame       |       |     1 |    11 |    43 |    67 ||   122
       Blink             |       |       |     1 |     2 |     1 ||     4
       Frozen Ramparts   |       |       |       |     2 |    16 ||    18
       Flame Wave        |       |       |       |     5 |       ||     5
       Metabolic Englaci |       |       |       |       |     1 ||     1
       Alistair's Intoxi |       |       |       |       |     1 ||     1
Evoke: Wand              |       |       |       |     2 |       ||     2
  Use: Scroll            |     3 |     4 |     8 |    11 |     3 ||    29
       Potion            |       |       |       |     1 |       ||     1
Armor: Robe              |     1 |    10 |     6 |    42 |    57 ||   116
Dodge: Dodged            |     6 |    34 |    28 |    79 |   144 ||   291
Block: Other             |       |     5 |     9 |    58 |   136 ||   208
       Reflection        |       |     1 |     1 |     5 |     1 ||     8
       Buckler           |       |       |       |       |    10 ||    10

Table legend: (Time is in decaauts)
 A = Elapsed time spent in this place.
 B = Non-inter-level travel time spent in this place.
 C = Inter-level travel time spent in this place.
 D = Time resting spent in this place.
 E = Time spent auto-exploring this place.
 F = Levels seen in this place.
 G = Mean time per level.
                   A        B        C        D        E       F      G
               +--------+--------+--------+--------+--------+-----+--------+
         Total |  23905 |  23374 |    531 |   7047 |  13023 |  19 | 1258.2 |
       Dungeon |  12618 |  12339 |    279 |   2400 |   8291 |  10 | 1261.8 |
        Temple |    464 |    439 |     25 |      0 |    358 |   1 |  464.0 |
          Lair |   9919 |   9694 |    225 |   4029 |   4294 |   6 | 1653.2 |
  Orcish Mines |     26 |     26 |      0 |      0 |      1 |   1 |   26.0 |
        Bailey |    875 |    875 |      0 |    618 |     79 |   1 |  875.0 |
               +--------+--------+--------+--------+--------+-----+--------+

Top non-repeatable levels by time:
  Lair:5: 2239 daAuts
    D:10: 2177 daAuts
  Lair:6: 2114 daAuts
  Lair:3: 1591 daAuts
  Lair:4: 1549 daAuts
     D:9: 1503 daAuts
  Lair:1: 1454 daAuts
     D:5: 1438 daAuts
     D:7: 1273 daAuts
     D:3: 1252 daAuts
     D:8: 1227 daAuts
     D:4: 1161 daAuts
     D:1: 989 daAuts
  Lair:2: 969 daAuts
     D:2: 887 daAuts
